[Event "Titled Tuesday Blitz November 29 Early 2022"]
[White "Eynullayev, Atilla"]
[Black "Gabrielian, Artur"]
[WhiteFideId "13413570"]
[BlackFideId "4131002"]
[WhiteElo "2181"]
[BlackElo "2432"]
[Result "1-0"]
[Round "09"]
[TimeControl "180+1"]
[Date "2022.11.30"]
[WhiteClock "0:01:37"]
[BlackClock "0:00:02"]

1. d4 Nf6 2. c4 c5 3. d5 e6 4. Nc3 exd5 5. cxd5 d6 6. e4 g6 7. f4 Bg7 8. Bb5+ Nfd7 9. Bd3 O-O 10. Nf3 a6 11. a4 Nf6 12. O-O Bg4 13. h3 Bxf3 14. Qxf3 Nbd7 15. Kh1 Re8 16. Be3 Qc7 17. Rfe1 Rab8 18. Rac1 c4 19. Nb1 b5 20. axb5 axb5 21. b3 Qa5 22. bxc4 bxc4 23. Bxc4 Rxe4 24. Bd3 Ree8 25. Bd2 Rxe1+ 26. Rxe1 Qxd5 27. Qxd5 Nxd5 28. Bc4 N5f6 29. Nc3 Nb6 30. Ba2 d5 31. Rb1 d4 32. Na4 Nbd7 33. Rxb8+ Nxb8 34. Nc5 Nc6 35. Kg1 Bf8 36. Nd3 Kg7 37. Kf1 Bd6 38. Ke2 h5 39. Kf3 Ne7 40. Nb4 Nf5 41. Nc6 h4 42. Bc1 d3 43. Bb2 Bc7 44. Nb4 d2 45. Ke2 1-0


[Site "https://www.chess.com"]

[Event "Titled Tuesday Blitz November 29 Early 2022"]
[White "Fawzy, Adham"]
[Black "Iinuma, Paul Y"]
[WhiteFideId "10613129"]
[BlackFideId "2031809"]
[WhiteElo "2541"]
[BlackElo "2066"]
[Result "1-0"]
[Round "09"]
[TimeControl "180+1"]
[Date "2022.11.30"]
[WhiteClock "0:00:28"]
[BlackClock "0:01:49"]

1. e4 c5 2. Nf3 e6 3. d4 cxd4 4. Nxd4 Nc6 5. Nc3 Qc7 6. Be2 a6 7. O-O Nf6 8. Be3 Bb4 9. f3 O-O 10. a3 Bxc3 11. bxc3 d5 12. Nxc6 bxc6 13. Bd3 e5 14. c4 dxe4 15. fxe4 Ng4 16. Bc5 Rd8 17. Qf3 Nf6 18. Rab1 Nd7 19. Qxf7+ Kh8 20. Bb6 Qd6 21. Bxd8 Nf6 1-0


[Site "https://www.chess.com"]

[Event "Titled Tuesday Blitz November 29 Early 2022"]
[White "Fernandez Garcia, Gumersindo"]
[Black "Hoffmann, Asa"]
[WhiteFideId "24516740"]
[BlackFideId "2001470"]
[WhiteElo "2140"]
[BlackElo "2117"]
[Result "0-1"]
[Round "09"]
[TimeControl "180+1"]
[Date "2022.11.30"]
[WhiteClock "0:00:14"]
[BlackClock "0:00:11"]

1. e4 d6 2. d4 Nf6 3. Nc3 c6 4. f4 Qa5 5. Bd3 e5 6. dxe5 dxe5 7. Nf3 Bg4 8. O-O Nbd7 9. h3 Bxf3 10. Qxf3 Bd6 11. Bd2 exf4 12. Kh1 Qg5 13. Bxf4 Bxf4 14. Qxf4 Qxf4 15. Rxf4 Ne5 16. Rf5 Nfd7 17. Be2 f6 18. Rd1 O-O-O 19. Rff1 a5 20. a3 Nc5 21. Kg1 b5 22. Bf3 Kc7 23. Kf2 Nc4 24. b3 Nxa3 25. Rxd8 Rxd8 26. Bd1 b4 27. Ne2 Nxe4+ 28. Ke3 Nc5 29. Nd4 Re8+ 30. Kd2 Nb1+ 31. Kc1 Nc3 32. Bf3 Nd5 33. Rd1 Ne7 34. Re1 Kd6 35. Nxc6 Ne6 36. Nxa5 Nd4 37. Nc4+ Kd7 38. Nb6+ Kd6 39. Bg4 f5 40. Bd1 Ndc6 41. Kb2 Rd8 42. Bf3 Kc5 43. Nc4 Nd5 44. Re6 Nd4 45. Ra6 Nxf3 46. gxf3 Kd4 47. Ra7 Ne3 48. Nxe3 Kxe3 49. Rxg7 Kxf3 50. Rxh7 f4 51. h4 Kg4 52. h5 Rf8 53. h6 Kg5 54. Rb7 f3 55. Rxb4 Kxh6 56. Rh4+ Kg5 57. Rh1 Kg4 58. b4 f2 59. Rf1 Kf3 60. c4 Ke2 61. Rxf2+ Kxf2 62. Kc3 Ke3 63. b5 Ke4 64. c5 Kd5 65. Kb4 Rf4+ 66. Ka5 Kxc5 67. b6 Rb4 0-1


[Site "https://www.chess.com"]

[Event "Titled Tuesday Blitz November 29 Early 2022"]
[White "Figorito, Nick"]
[Black "Saravana, Krishnan P."]
[WhiteFideId "30923689"]
[BlackFideId "5018382"]
[WhiteElo "2363"]
[BlackElo "2155"]
[Result "0-1"]
[Round "09"]
[TimeControl "180+1"]
[Date "2022.11.30"]
[WhiteClock "0:00:01"]
[BlackClock "0:00:51"]

1. Nf3 Nf6 2. g3 b5 3. Bg2 Bb7 4. O-O e6 5. b3 Be7 6. Bb2 O-O 7. d3 d6 8. Nbd2 c5 9. a4 a6 10. axb5 axb5 11. Rxa8 Bxa8 12. Qa1 Nbd7 13. Qa2 Qb6 14. Ra1 Bc6 15. Qa6 Rb8 16. Qxb6 Nxb6 17. Ra7 Nc8 18. Ra2 Nd5 19. Ne1 Nb4 20. Ra1 Bxg2 21. Kxg2 Nc6 22. e3 d5 23. Ra6 Nb4 24. Ra1 Kf8 25. Kf3 f6 26. Ke2 e5 27. Kd1 d4 28. Ne4 Nd5 29. Ke2 f5 30. Nd2 Bf6 31. e4 Nc3+ 32. Bxc3 dxc3 33. Ndf3 g6 34. exf5 gxf5 35. Ng2 c4 36. bxc4 bxc4 37. dxc4 e4 38. Nfe1 Nd6 39. Ne3 Bd4 40. Ra6 Bxe3 41. Rxd6 Bd2 42. Ng2 Ke7 43. Rd5 Ke6 44. Ne3 Rb1 45. Nd1 h5 46. Rb5 Rc1 47. Rb6+ Kd7 48. Rf6 Rxc2 49. Kf1 Rc1 50. Ke2 c2 51. Ne3 Bxe3 0-1


[Site "https://www.chess.com"]

[Event "Titled Tuesday Blitz November 29 Early 2022"]
[White "Firouzja, Alireza"]
[Black "Andreikin, Dmitry"]
[WhiteFideId "12573981"]
[BlackFideId "4158814"]
[WhiteElo "3143"]
[BlackElo "3038"]
[Result "1-0"]
[Round "09"]
[TimeControl "180+1"]
[Date "2022.11.29"]
[WhiteClock "0:00:11"]
[BlackClock "0:00:05"]

1. e4 e5 2. Nf3 Nc6 3. Bb5 Nf6 4. d3 Bc5 5. Bxc6 dxc6 6. O-O Qe7 7. Nbd2 Bg4 8. Nc4 Nd7 9. h3 Bh5 10. Bd2 O-O-O 11. Rb1 g5 12. b4 Bd6 13. Ne3 Rdg8 14. b5 c5 15. Nf5 Qe6 16. g4 Bg6 17. Nxg5 Qf6 18. f4 Bxf5 19. exf5 h5 20. Ne4 Qh4 21. g5 exf4 22. Qf3 Ne5 23. Qxf4 Qxh3 24. b6 axb6 25. Rxb6 f6 26. Rxd6 cxd6 27. Nxf6 Ng4 28. Nxg8 Rxg8 29. Qxd6 Re8 30. Bf4 Re5 31. Bxe5 Qe3+ 32. Kg2 Nxe5 33. Qe6+ Kc7 34. Qd5 Qxg5+ 35. Kh1 Qh4+ 36. Kg1 Qg5+ 37. Qg2 Qe3+ 38. Kh1 Ng4 39. f6 Qg5 40. f7 Qh4+ 41. Kg1 Ne3 42. Qh2+ Qxh2+ 43. Kxh2 Nxf1+ 44. Kg1 Ng3 45. f8=Q Ne2+ 46. Kf2 Nd4 47. Qxc5+ Nc6 48. Qxh5 Nb4 49. Ke3 Nxc2+ 50. Kd2 Nb4 51. Qc5+ Nc6 52. d4 b6 53. Qc4 Kd6 54. Qb5 Kc7 55. d5 Ne5 56. Kc3 Nf7 57. Qc6+ 1-0


[Site "https://www.chess.com"]

[Event "Titled Tuesday Blitz November 29 Early 2022"]
[White "Forgacs, Attila Jr."]
[Black "Clawitter, Craig"]
[WhiteFideId "773654"]
[BlackFideId "2023105"]
[WhiteElo "2168"]
[BlackElo "2265"]
[Result "1/2-1/2"]
[Round "09"]
[TimeControl "180+1"]
[Date "2022.11.30"]
[WhiteClock "0:00:12"]
[BlackClock "0:00:09"]

1. e4 e6 2. d4 d5 3. Nc3 Bb4 4. e5 c5 5. a3 Bxc3+ 6. bxc3 Ne7 7. Qg4 Qc7 8. Qxg7 Rg8 9. Qxh7 cxd4 10. Ne2 Nbc6 11. f4 dxc3 12. h4 Bd7 13. h5 O-O-O 14. Qd3 d4 15. h6 Rg6 16. h7 Rh8 17. Nxd4 Nxd4 18. Qxd4 Kb8 19. Rh3 Nf5 20. Qb4 Bc6 21. Qxc3 Bxg2 22. Qxc7+ Kxc7 23. Rh2 Be4 24. Bd3 Ng3 25. Bxe4 Nxe4 26. Be3 Rg7 27. O-O-O Rhxh7 28. Rxh7 Rxh7 29. Rd4 Ng3 30. Rc4+ Kb8 31. Bc5 b6 32. Bd6+ Kb7 33. Rc7+ Ka6 34. Kb2 Nf5 35. Rd7 Rh4 36. Bb8 Rxf4 37. Rxa7+ Kb5 38. Rxf7 Re4 39. Rf6 Nd4 40. c3 Nc6 41. Bd6 Nxe5 42. Bxe5 Rxe5 43. Kb3 Re1 44. Rf8 Kc6 45. Rc8+ Kb7 46. Re8 e5 47. Kc4 e4 48. Kd4 Ra1 49. Rxe4 Rxa3 50. Re7+ Kc6 51. Kc4 Ra4+ 52. Kb3 Ra1 53. Re6+ Kb7 54. Rh6 Rb1+ 55. Kc4 Rd1 56. Rh5 Kc7 57. Rh6 Kb7 58. Rh7+ Kc6 59. Rh6+ Kb7 1/2-1/2


[Site "https://www.chess.com"]

[Event "Titled Tuesday Blitz November 29 Early 2022"]
[White "Fromm, Marius"]
[Black "Fiedorek, Michal"]
[WhiteFideId "12993190"]
[BlackFideId "1199528"]
[WhiteElo "2325"]
[BlackElo "2201"]
[Result "1-0"]
[Round "09"]
[TimeControl "180+1"]
[Date "2022.11.30"]
[WhiteClock "0:00:32"]
[BlackClock "0:00:01"]

1. e4 c5 2. Nf3 d6 3. Nc3 Nc6 4. d4 cxd4 5. Nxd4 Nf6 6. f3 e5 7. Nb3 Be7 8. Be3 O-O 9. Qd2 a5 10. Bb5 Na7 11. Bxa7 Rxa7 12. O-O-O Be6 13. Kb1 Qb6 14. a4 Raa8 15. g4 Rfc8 16. Nd5 Bxd5 17. exd5 Bd8 18. h4 Qc7 19. c3 Nd7 20. g5 Nb6 21. h5 Nc4 22. Qc1 Qe7 23. Rdg1 e4 24. fxe4 Qxe4+ 25. Ka2 Qxd5 26. g6 h6 27. gxf7+ Qxf7 28. Qxh6 Bf6 29. Qg6 Ne5 30. Qxf7+ Kxf7 31. Nd4 Rd8 32. h6 g6 33. Rf1 Ke7 34. h7 Rh8 35. Ne2 Raf8 36. Nf4 Rf7 37. Nd5+ Ke6 38. Nf4+ Ke7 39. Bc4 Nxc4 40. Nxg6+ Ke8 41. Rxf6 Rhxh7 42. Re1+ Kd8 43. Rfe6 Kc7 44. Kb3 Nb6 45. Ne7 Kd7 46. Ng8 Kc7 47. Nf6 Rhg7 48. Ne8+ 1-0


[Site "https://www.chess.com"]

[Event "Titled Tuesday Blitz November 29 Early 2022"]
[White "Gabdrakhmanov, Azat"]
[Black "Csonka, Balazs"]
[WhiteFideId "34189197"]
[BlackFideId "742910"]
[WhiteElo "2254"]
[BlackElo "2404"]
[Result "1-0"]
[Round "09"]
[TimeControl "180+1"]
[Date "2022.11.30"]
[WhiteClock "0:00:16"]
[BlackClock "0:00:01"]

1. e4 c5 2. Nf3 Nc6 3. d4 cxd4 4. Nxd4 g6 5. Nc3 Bg7 6. Nb3 Nf6 7. Be2 O-O 8. O-O b6 9. Re1 Bb7 10. Bf1 d6 11. Bg5 h6 12. Bh4 Rc8 13. Qd2 g5 14. Bg3 Nh5 15. Rad1 Nxg3 16. hxg3 Ne5 17. Nd4 e6 18. Ndb5 d5 19. exd5 exd5 20. Nxd5 Qxd5 21. Qxd5 Bxd5 22. Rxd5 Rxc2 23. Rdxe5 Bxe5 24. Rxe5 Rd8 25. Re1 Rxb2 26. Nxa7 Rxa2 27. Nc6 Rdd2 28. f3 Rab2 29. Ne5 b5 30. Ra1 Rbc2 31. Rb1 b4 32. Rxb4 Rc1 33. Ng4 Rdd1 34. Ne3 Re1 35. Rb3 Rb1 36. Rxb1 Rxb1 37. g4 Kh7 38. Kf2 Rb2+ 39. Kg3 Rb6 40. Bd3+ Kg7 41. Nf5+ Kf8 42. Be4 Rf6 43. Kh3 Rb6 44. g3 Rf6 45. f4 Rb6 46. Kg2 Rb2+ 47. Kf3 Rb3+ 48. Ne3 Rb6 49. Bd5 Ra6 50. Ke4 Ra3 51. Bc6 Ra6 52. Bb5 Rb6 53. Bc4 Rc6 54. Bd5 Rb6 55. Kf5 gxf4 56. gxf4 Kg7 57. Ke4 Ra6 58. Nf5+ Kf8 59. Ke5 Rg6 60. Bf3 Ke8 61. Nd6+ Ke7 62. Ne4 Re6+ 63. Kd4 Ra6 64. f5 Ra4+ 65. Ke5 f6+ 66. Kf4 Rb4 67. Bd1 Rc4 68. Bb3 Rb4 69. Be6 Ra4 70. Kf3 Ra3+ 71. Kf2 Ra4 72. Ke3 Ra3+ 73. Kf4 Ra4 74. Bd5 Ra3 75. Ng3 Ra4+ 76. Be4 Rb4 77. Nh5 Ra4 78. Ng7 Rb4 79. Ne6 Ra4 80. Nc7 Kf7 81. Nd5 Kg7 82. Nc3 Rc4 83. Ne2 Ra4 84. Ng3 Rb4 85. Ke3 Rb3+ 86. Bd3 Rb4 87. Kf3 Ra4 88. Bc2 Rb4 89. Bd3 Rb3 90. Ke3 Rb4 91. Ne4 Ra4 92. Nd6 Rxg4 93. Bc4 Rg5 94. Kf4 Kf8 95. Ne4 Rg1 96. Nxf6 Rc1 97. Be6 Rf1+ 98. Ke5 Re1+ 99. Ne4 h5 100. f6 h4 101. Bg4 Rg1 102. Kf5 Rf1+ 103. Ke5 Rh1 104. Ng5 h3 105. Bxh3 Re1+ 106. Kf5 Ra1 107. Kg6 Ra6 108. Ne6+ Ke8 109. f7+ Ke7 110. f8=Q+ 1-0


[Site "https://www.chess.com"]

[Event "Titled Tuesday Blitz November 29 Early 2022"]
[White "Gareyev, Timur"]
[Black "Averjanov, Alexey"]
[WhiteFideId "14200937"]
[BlackFideId "14109867"]
[WhiteElo "2552"]
[BlackElo "2634"]
[Result "0-1"]
[Round "09"]
[TimeControl "180+1"]
[Date "2022.11.30"]
[WhiteClock "0:00:21"]
[BlackClock "0:00:29"]

1. d4 d5 2. c4 dxc4 3. e4 Nf6 4. e5 Nd5 5. Bxc4 Nb6 6. Bb3 Nc6 7. Ne2 Bf5 8. Nbc3 e6 9. Be3 Nb4 10. O-O N4d5 11. Ng3 Bg6 12. Qe2 Be7 13. f4 Qd7 14. Rf3 O-O 15. Raf1 c6 16. f5 exf5 17. Nxf5 Bh5 18. Bh6 Qxf5 19. Bxg7 Bxf3 20. Rxf3 Nxc3 21. bxc3 Qb1+ 22. Rf1 Qg6 23. Bxf8 Rxf8 24. Rf3 Kh8 25. Bc2 Qh5 26. Bxh7 Qxh7 27. Rh3 Bh4 28. g3 Qb1+ 29. Kg2 Kg7 30. Rxh4 Rh8 31. Rg4+ Kf8 32. e6 Qb5 33. Qf3 Qd5 34. Re4 Rh7 35. h4 Nc4 36. e7+ Ke8 37. Kf2 Nd2 38. Qg4 Nxe4+ 39. Ke3 Nf6 0-1


[Site "https://www.chess.com"]

[Event "Titled Tuesday Blitz November 29 Early 2022"]
[White "Georg, Heinz"]
[Black "Flis, Pawel"]
[WhiteFideId "4607295"]
[BlackFideId "1112864"]
[WhiteElo "2302"]
[BlackElo "1817"]
[Result "1-0"]
[Round "09"]
[TimeControl "180+1"]
[Date "2022.11.30"]
[WhiteClock "0:00:18"]
[BlackClock "0:00:03"]

1. e4 c5 2. Nf3 d6 3. Bb5+ Bd7 4. Bxd7+ Qxd7 5. O-O Nc6 6. c3 Nf6 7. Re1 g6 8. d4 cxd4 9. cxd4 Bg7 10. d5 Nb8 11. Nc3 O-O 12. h3 a6 13. a4 Qd8 14. Be3 Nbd7 15. a5 Rc8 16. Qd2 Nc5 17. Bxc5 Rxc5 18. b4 Rc4 19. Rab1 Qc7 20. Rb3 Rc8 21. Re3 Nd7 22. Ne2 Rc2 23. Qd3 Bh6 24. Ned4 Rc1+ 25. Re1 Rxe1+ 26. Nxe1 Qc4 27. f3 Ne5 28. Qd1 Qc1 29. Qxc1 Rxc1 30. Kf2 Nc4 31. Nec2 Kg7 32. Rc3 Ne5 33. Rc7 Nd3+ 34. Ke2 Nf4+ 35. Kf2 Nd3+ 36. Kg3 Nxb4 37. Rxb7 Nxc2 38. Nc6 Ne3 39. Rxe7 Rg1 40. f4 Rxg2+ 41. Kf3 1-0


[Site "https://www.chess.com"]

[Event "Titled Tuesday Blitz November 29 Early 2022"]
[White "Gheorghiu, Calin"]
[Black "Havas, Ladislav"]
[WhiteFideId "1200305"]
[BlackFideId "14501090"]
[WhiteElo "2225"]
[BlackElo "2199"]
[Result "1-0"]
[Round "09"]
[TimeControl "180+1"]
[Date "2022.11.30"]
[WhiteClock "0:00:11"]
[BlackClock "0:00:06"]

1. e4 Nf6 2. e5 Nd5 3. d4 d6 4. c4 Nb6 5. f4 dxe5 6. fxe5 c5 7. d5 e6 8. Nf3 exd5 9. cxd5 Qxd5 10. Qe2 Bg4 11. Nc3 Qd8 12. Qe4 Bxf3 13. Qxf3 Nc6 14. Bb5 Qc7 15. Bf4 O-O-O 16. e6 Bd6 17. Bxd6 Qxd6 18. Bxc6 bxc6 19. exf7 Qd2+ 20. Kf1 Rhf8 21. Rd1 Qh6 22. Qf5+ Kc7 23. Rxd8 Kxd8 24. Ke2 Qf6 25. Qd3+ Kc7 26. Ne4 Qxb2+ 27. Ke1 Qa1+ 28. Ke2 Qxa2+ 29. Ke1 Qd5 30. Qg3+ Kb7 31. Nd6+ Ka8 32. Rf1 Qe6+ 33. Kd1 Nd5 34. Re1 Nc3+ 35. Qxc3 Qxd6+ 36. Kc1 Rxf7 37. Re8+ Kb7 38. Qb3+ Kc7 39. Qxf7+ Qd7 40. Re7 Qxe7 41. Qxe7+ Kb6 42. Qxg7 Kb5 43. Qxh7 c4 44. Qc2 Kb4 45. h4 Kc5 46. h5 a5 47. h6 Kb4 48. h7 a4 49. h8=Q a3 50. Qhc3+ Kc5 51. Qxc4+ 1-0


[Site "https://www.chess.com"]

[Event "Titled Tuesday Blitz November 29 Early 2022"]
[White "Ginzburg, Yakov"]
[Black "Riehle, Marco"]
[WhiteFideId "4157176"]
[BlackFideId "12904392"]
[WhiteElo "2305"]
[BlackElo "2462"]
[Result "0-1"]
[Round "09"]
[TimeControl "180+1"]
[Date "2022.11.30"]
[WhiteClock "0:00:07"]
[BlackClock "0:00:29"]

1. e4 e5 2. Nf3 Nf6 3. Nxe5 Nxe4 4. Qe2 Qe7 5. Qxe4 d6 6. d4 dxe5 7. dxe5 Nc6 8. Nc3 Qxe5 9. Bf4 Qxe4+ 10. Nxe4 Bf5 11. Bd3 O-O-O 12. O-O-O Kb8 13. Ng5 Be6 14. Nxe6 fxe6 15. Rhe1 Re8 16. Bb5 Bc5 17. Bxc6 bxc6 18. Bg3 Re7 19. Re4 Kb7 20. Rde1 Rhe8 21. f3 h6 22. c3 Kc8 23. Kc2 Bd6 24. Be5 Kd7 25. Rd1 c5 26. Ra4 Kc6 27. Bxd6 cxd6 28. Ra6+ Kb7 29. Raxd6 Kc7 30. h4 g5 31. h5 g4 32. f4 Rf8 33. g3 Rf5 34. Ra6 Kb7 35. Rdd6 Rxh5 36. Rxe6 Rxe6 37. Rxe6 c4 38. Re2 Rh1 39. Rf2 Kc6 40. f5 Kd7 41. f6 Ke8 42. Kd2 Rg1 43. Ke3 Rxg3+ 44. Kf4 Rg1 45. Kf5 g3 46. Re2+ Kf8 47. Kg6 Rd1 48. Kxh6 Kf7 49. Kg5 Rg1 50. Kf5 g2 51. Re7+ Kf8 52. Kg6 Rf1 53. Rf7+ Ke8 54. Re7+ Kd8 55. Rg7 g1=Q+ 56. Kf7 Qf2 57. Rg6 Qxb2 58. Kg7 Qxc3 59. Kg8 Rxf6 60. Rg7 Rf8+ 61. Kxf8 Qxg7+ 62. Kxg7 c3 63. Kf6 c2 64. Ke5 c1=Q 65. Kd4 a5 66. a4 Qb2+ 67. Kc4 Qb4+ 68. Kd3 Qxa4 69. Kc3 Qb4+ 70. Kc2 a4 0-1


[Site "https://www.chess.com"]

[Event "Titled Tuesday Blitz November 29 Early 2022"]
[White "Girel, Joseph"]
[Black "Ingebretsen, Jens E"]
[WhiteFideId "36033561"]
[BlackFideId "1522965"]
[WhiteElo "2281"]
[BlackElo "2213"]
[Result "1-0"]
[Round "09"]
[TimeControl "180+1"]
[Date "2022.11.30"]
[WhiteClock "0:00:17"]
[BlackClock "0:00:16"]

1. e4 e6 2. d4 d5 3. Nd2 c5 4. exd5 Qxd5 5. Ngf3 cxd4 6. Bc4 Qd7 7. O-O Nc6 8. Nb3 Nf6 9. Nbxd4 Nxd4 10. Nxd4 a6 11. a4 Bc5 12. Be3 O-O 13. c3 e5 14. Nc2 Qc7 15. Bxc5 Qxc5 16. Ne3 Bd7 17. b4 Qc7 18. Qb3 Rac8 19. Rad1 b5 20. axb5 axb5 21. Bd5 Qxc3 22. Qb1 Ng4 23. Qe4 Nf6 24. Qh4 Rc7 25. h3 Rfc8 26. Qg3 Be6 27. Bxe6 fxe6 28. Qg5 Qxb4 29. Qxe5 Rc6 30. Rb1 Qc5 31. Rxb5 Qxe5 32. Rxe5 Kf7 33. g4 Rc5 34. Rxc5 Rxc5 35. Ra1 Nd5 36. Ra7+ Kf6 37. Ng2 h6 38. Kh2 Rc2 39. Kg3 Rc3+ 40. f3 e5 41. Ra6+ Kf7 42. Nh4 e4 43. Ra5 Rxf3+ 44. Nxf3 Nf4 45. Kxf4 1-0


[Site "https://www.chess.com"]

[Event "Titled Tuesday Blitz November 29 Early 2022"]
[White "Gonzalez, Francisco Silva"]
[Black "Weetik, Vjacheslav"]
[WhiteFideId "1512285"]
[BlackFideId "4153472"]
[WhiteElo "2159"]
[BlackElo "2469"]
[Result "0-1"]
[Round "09"]
[TimeControl "180+1"]
[Date "2022.11.30"]
[WhiteClock "0:00:08"]
[BlackClock "0:00:06"]

1. d4 d5 2. c4 e6 3. Nc3 Nf6 4. Bg5 Be7 5. e3 O-O 6. Nf3 h6 7. Bh4 b6 8. Qc2 Bb7 9. Rd1 Nbd7 10. Bd3 c5 11. Qe2 cxd4 12. exd4 dxc4 13. Bxc4 a6 14. O-O b5 15. Bb3 Nb6 16. Ne5 Nfd5 17. Nxd5 Nxd5 18. Bg3 Rc8 19. a3 Re8 20. Qh5 Rf8 21. Rfe1 Nf6 22. Qe2 Bd5 23. Bc2 Re8 24. Bd3 Bf8 25. Bh4 Be7 26. Bxf6 Bxf6 27. Qh5 Rc7 28. Bb1 g6 29. Qxh6 Bg5 30. Qh3 Qf6 31. Ng4 Qf4 32. Qg3 Kg7 33. h4 Qxg3 34. fxg3 Be7 35. Ne3 Bb7 36. Ng4 Rd8 37. Ne5 Bf6 38. Kf2 Bd5 39. Rc1 Rdc8 40. Rxc7 Rxc7 41. Rh1 Be7 42. h5 gxh5 43. Rxh5 Bd6 44. Nd3 Be4 45. Rg5+ Kf6 46. Rh5 Bg6 47. Rh6 Rc4 48. Rh4 Ke7 49. Nf4 Bxb1 50. Nh5 Rc2+ 51. Ke3 Rxb2 52. g4 Bg6 53. Nf4 Rb3+ 54. Kf2 Bxf4 55. Rh8 Bg3+ 56. Ke2 Rxa3 57. Ra8 Bf4 58. g3 Bxg3 59. d5 exd5 60. Ra7+ Kf6 61. Rd7 Be4 62. Kd2 Bf4+ 63. Ke2 Ra2+ 64. Kd1 Bd3 65. Ke1 Be3 66. Rd6+ Ke7 67. Re6+ fxe6 0-1


[Site "https://www.chess.com"]

[Event "Titled Tuesday Blitz November 29 Early 2022"]
[White "Grabinsky, Vladimir"]
[Black "Rios Escobar, Adan"]
[WhiteFideId "14107074"]
[BlackFideId "3403645"]
[WhiteElo "2198"]
[BlackElo "2302"]
[Result "0-1"]
[Round "09"]
[TimeControl "180+1"]
[Date "2022.11.30"]
[WhiteClock "0:00:01"]
[BlackClock "0:00:10"]

1. e4 c5 2. b4 cxb4 3. a3 d5 4. exd5 Qxd5 5. Bb2 Qe4+ 6. Be2 Qxg2 7. Bf3 Qg6 8. Ne2 Qf5 9. Ng3 Qe6+ 10. Kf1 Nc6 11. axb4 Qc4+ 12. Kg2 Qxb4 13. Ba3 Qf4 14. Nc3 Nf6 15. Re1 h5 16. Nb5 e6 17. Bxf8 Kxf8 18. c3 h4 19. Ra4 Qg5 20. Nc7 hxg3 21. fxg3 Rb8 22. Qb1 Bd7 23. Qd3 Rd8 24. Qd6+ Kg8 25. Rf4 Qh6 26. h4 Qg6 27. Nb5 Kh7 28. Nd4 Nxd4 29. Qxd4 Bc6 0-1


[Site "https://www.chess.com"]

[Event "Titled Tuesday Blitz November 29 Early 2022"]
[White "Grapsa, Georgia"]
[Black "Omariev, Maksim"]
[WhiteFideId "4206436"]
[BlackFideId "4193423"]
[WhiteElo "1877"]
[BlackElo "2412"]
[Result "0-1"]
[Round "09"]
[TimeControl "180+1"]
[Date "2022.11.30"]
[WhiteClock "0:00:09"]
[BlackClock "0:00:44"]

1. e4 c5 2. b3 Nc6 3. Bb2 d6 4. Bb5 Bd7 5. d3 e5 6. Nd2 f5 7. Bxc6 bxc6 8. Qf3 f4 9. g3 fxg3 10. hxg3 Nf6 11. Qe3 Be7 12. O-O-O O-O 13. f4 Ng4 14. Qe2 exf4 15. gxf4 Rxf4 16. Ngf3 Bf6 17. Rdg1 Bxb2+ 18. Kxb2 Qf6+ 19. c3 Rf8 20. Rg3 g6 21. d4 cxd4 22. Nxd4 Rf2 23. Qc4+ d5 24. exd5 Rxd2+ 25. Ka3 Qd6+ 26. b4 cxd5 27. Qb3 Qxg3 28. Qxd5+ Rf7 29. Rxh7 Be8 30. Rh1 Qxc3+ 0-1


[Site "https://www.chess.com"]

[Event "Titled Tuesday Blitz November 29 Early 2022"]
[White "Gurevich, Dmitry"]
[Black "Maksimenko, Viktor"]
[WhiteFideId "2000407"]
[BlackFideId "13710478"]
[WhiteElo "2506"]
[BlackElo "2277"]
[Result "0-1"]
[Round "09"]
[TimeControl "180+1"]
[Date "2022.11.30"]
[WhiteClock "0:00:08"]
[BlackClock "0:00:20"]

1. d4 Nf6 2. c4 e6 3. Nc3 Bb4 4. a3 Bxc3+ 5. bxc3 O-O 6. e3 c5 7. Bd3 Nc6 8. Ne2 b6 9. e4 Na5 10. Bg5 h6 11. Bh4 Ba6 12. e5 g5 13. Bxg5 hxg5 14. exf6 Qxf6 15. Ng3 Bxc4 16. O-O d5 17. Re1 Bxd3 18. Qxd3 Nc4 19. Re2 Rae8 20. Rae1 Nxa3 21. h4 gxh4 22. Nh5 Qg6 23. Qf3 Nc4 24. Nf6+ Kg7 25. Nxe8+ Rxe8 26. dxc5 bxc5 27. Qf4 Qf6 28. Qc7 Qxc3 29. Rxe6 Rxe6 30. Rxe6 h3 31. Re7 Qa1+ 32. Kh2 Qf6 33. Qg3+ Kf8 34. Rxa7 Ne5 35. f4 Ng6 36. Qg5 Qxg5 37. fxg5 hxg2 38. Ra5 Ke7 39. Rxc5 Kd6 40. Rc2 Nf4 41. Rf2 Ke5 42. Rf3 d4 43. Ra3 d3 44. Ra7 d2 45. Ra1 Ke4 46. Ra4+ Ke3 47. Ra3+ Ke2 0-1


[Site "https://www.chess.com"]

[Event "Titled Tuesday Blitz November 29 Early 2022"]
[White "Hansen, Eric"]
[Black "Fernandez De La Vara, Arnaldo"]
[WhiteFideId "2606771"]
[BlackFideId "3518388"]
[WhiteElo "2568"]
[BlackElo "2387"]
[Result "1-0"]
[Round "09"]
[TimeControl "180+1"]
[Date "2022.11.29"]
[WhiteClock "0:02:16"]
[BlackClock "0:00:04"]

1. Nf3 c5 2. e4 e6 3. d4 cxd4 4. Nxd4 a6 5. Nc3 Qc7 6. Be3 Nf6 7. a3 d6 8. f4 Nbd7 9. Qf3 g6 10. g4 Bg7 11. g5 Nh5 12. O-O-O O-O 13. Be2 Nb6 14. f5 exf5 15. exf5 Bxd4 16. Bxd4 Bxf5 17. Qf2 Nf4 18. Qxf4 Nd5 19. Qf3 Rfe8 20. Rhe1 Nxc3 21. Bxc3 Qe7 22. h4 Qe4 23. Qxe4 Rxe4 24. Bd3 Rxh4 25. Bxf5 gxf5 26. Rxd6 Rg4 27. Rh1 Re8 28. Rdh6 Re2 29. Rxh7 Kf8 30. Bf6 Ke8 31. Rd1 1-0


[Site "https://www.chess.com"]

[Event "Titled Tuesday Blitz November 29 Early 2022"]
[White "Hartikainen, Jarmo"]
[Black "Begunov, Konstantin"]
[WhiteFideId "503134"]
[BlackFideId "4118510"]
[WhiteElo "2206"]
[BlackElo "2140"]
[Result "0-1"]
[Round "09"]
[TimeControl "180+1"]
[Date "2022.11.30"]
[WhiteClock "0:00:03"]
[BlackClock "0:00:57"]

1. e4 c5 2. c3 Nf6 3. e5 Nd5 4. d4 cxd4 5. Nf3 Nc6 6. cxd4 d6 7. Nc3 Nxc3 8. bxc3 d5 9. Bd3 Bg4 10. Qc2 Bxf3 11. gxf3 e6 12. h4 Rc8 13. Be3 h5 14. Rb1 Rc7 15. f4 g6 16. f5 gxf5 17. Rg1 Be7 18. Bg5 Kd7 19. Qd2 Rg8 20. Ke2 Kc8 21. Bxe7 Nxe7 22. Rxg8 Qxg8 23. Qg5 Qxg5 24. hxg5 Ng6 25. Kd2 Rc6 26. Bb5 Rb6 27. Rb3 Kc7 28. Be8 Nh8 29. Ke3 Ra6 30. a3 Rb6 31. Rxb6 Kxb6 32. Kf3 Kc7 33. Kg3 Kd8 34. Ba4 Ng6 35. Bd1 h4+ 36. Kh2 Kc7 37. Bh5 Kb6 38. Bxg6 fxg6 39. Kh3 Kb5 40. Kxh4 Kc4 0-1


[Site "https://www.chess.com"]

[Event "Titled Tuesday Blitz November 29 Early 2022"]
[White "Hrabinska, Myroslava"]
[Black "Liu, Xiangyi"]
[WhiteFideId "14109190"]
[BlackFideId "8605718"]
[WhiteElo "2171"]
[BlackElo "2323"]
[Result "1-0"]
[Round "09"]
[TimeControl "180+1"]
[Date "2022.11.30"]
[WhiteClock "0:00:10"]
[BlackClock "0:00:20"]

1. e4 e6 2. Nf3 d5 3. e5 c5 4. b4 d4 5. Bb2 Nc6 6. b5 Nce7 7. c3 Nf5 8. cxd4 cxd4 9. Bd3 Ngh6 10. a4 Bc5 11. Na3 O-O 12. Rc1 b6 13. Be4 Rb8 14. Qe2 Bb7 15. O-O Qe7 16. Nc4 Rfd8 17. d3 Nh4 18. Nxh4 Qxh4 19. g3 Qh3 20. Bxb7 Ng4 21. f3 Ne3 22. Nxe3 dxe3 23. Be4 Qh6 24. f4 f5 25. exf6 gxf6 26. d4 Bxd4 27. Bxd4 Rxd4 28. Qxe3 Rbd8 29. Rc7 f5 30. Bg2 Qf6 31. Qe5 Qxe5 32. fxe5 Rxa4 33. Re7 Rd2 34. Rxe6 Raa2 35. Bc6 Rxh2 36. Rxf5 Rh3 37. Rf3 Rc2 38. Re8+ Kg7 39. Re7+ Kg8 40. Bd5+ 1-0


[Site "https://www.chess.com"]